 Dungeon Crawl Stone Soup version 0.31.0-32-g396128a36d (webtiles) character file.

Game seed: 13720578307316184899

2572 Fractals the Fighter (level 9, -1/90 HPs)
             Began as a Hill Orc Berserker on Apr 19, 2024.
             Was an Elder of Trog.
             Slain by a two-headed ogre
             ... wielding a +0 giant club
              (13 damage)
             ... on level 7 of the Dungeon.
             The game lasted 00:14:34 (7564 turns).

Fractals the Fighter (Hill Orc Berserker)           Turns: 7564, Time: 00:14:35

Health: -1/90      AC: 10    Str: 22    XL:     9   Next: 57%
Magic:  9/9        EV: 11    Int:  7    God:    Trog [****..]
Gold:   308        SH:  5    Dex: 12    Spells: 8/8 levels left

rFire   . . .        E - +0 war axe
rCold   . . .        (no shield)
rNeg    . . .        n - +1 scale mail
rPois   +            (no helmet)
rElec   .            w - +0 cloak
rCorr   .            y - +0 pair of gloves
SInv    +            (no boots)
Will    .....        o - amulet of reflection Stlth
                     F - ring of see invisible
HPRegen 0.35/turn    x - ring of poison resistance
MPRegen 0.11/turn

%: reflection
@: no status effects
A: no striking features
a: Renounce Religion, Berserk, Trog's Hand, Brothers in Arms


You were on level 7 of the Dungeon.
You worshipped Trog.
Trog was greatly pleased with you.
You visited 1 branch of the dungeon, and saw 7 of its levels.

You collected 308 gold pieces.

Inventory:

Hand Weapons
 d - a +1 vampiric whip
 E - a +0 war axe (weapon)
Missiles
 f - a throwing net (quivered)
Armour
 n - a +1 scale mail (worn)
 w - a +0 cloak (worn)
 y - a +0 pair of gloves (worn)
Jewellery
 o - an amulet of reflection (around neck)
 p - a ring of positive energy
 x - a ring of poison resistance (right hand)
 F - a ring of see invisible (left hand)
Wands
 j - a wand of polymorph (9)
 s - a wand of paralysis (10)
 A - a wand of mindburst (6)
 B - a wand of iceblast (16)
Scrolls
 c - 5 scrolls of teleportation
 g - a scroll of enchant weapon
 h - 3 scrolls of immolation
 i - 2 scrolls of enchant armour
 l - a scroll of vulnerability
 r - 2 scrolls of fear
 C - 2 scrolls of identify
 G - a scroll of poison {unknown}
Potions
 a - a potion of brilliance {unknown}
 b - 2 potions of lignification
 e - 3 potions of haste
 k - 2 potions of heal wounds {unknown}
 m - 2 potions of degeneration {unknown}
 q - a potion of curing {unknown}
 t - a potion of cancellation {unknown}
 z - a potion of mutation {unknown}


   Skills:
 + Level 12.2 Fighting
 - Level 6.0 Axes
 + Level 5.0 Armour
 - Level 3.0 Dodging
 - Level 5.0 Evocations


You had 8 spell levels left.
You didn't know any spells.
Your spell library was empty.

Dungeon Overview and Level Annotations

Branches:
Dungeon (7/15)             Temple (0/1) D:7

Altars:
Ashenzari
Cheibriados
Makhleb
Okawaru
Ru


Message History

Found a dagger.
Found 3 poisoned darts.
k - 2 sedimented grey potions (gained 1)
You now have 308 gold pieces (gained 5).
A two-headed ogre comes into view. It is wielding two +0 giant clubs.
The two-headed ogre shouts in stereo!
You block the two-headed ogre's attack.
The two-headed ogre hits you with a +0 giant club.
You hit the two-headed ogre but do no damage.
The two-headed ogre hits you with a +0 giant club!
The two-headed ogre barely misses you.
You barely miss the two-headed ogre. You punch the two-headed ogre.
The two-headed ogre is lightly wounded.
The two-headed ogre closely misses you. The two-headed ogre barely misses you.
You barely miss the two-headed ogre.
The two-headed ogre is lightly wounded.
You barely miss the two-headed ogre.
The two-headed ogre is lightly wounded.
You block the two-headed ogre's attack.
The two-headed ogre hits you with a +0 giant club!
You barely miss the two-headed ogre.
The two-headed ogre is lightly wounded.
The two-headed ogre hits you with a +0 giant club. x2
You barely miss the two-headed ogre.
The two-headed ogre is lightly wounded.
The two-headed ogre hits you with a +0 giant club!
You block the two-headed ogre's attack.
You barely miss the two-headed ogre.
The two-headed ogre is lightly wounded.
The two-headed ogre hits you but does no damage.
The two-headed ogre hits you with a +0 giant club!!
* * * LOW HITPOINT WARNING * * *
You hit the two-headed ogre.
The two-headed ogre is lightly wounded.
You hit the two-headed ogre but do no damage.
The two-headed ogre is lightly wounded.
The two-headed ogre hits you with a +0 giant club!
* * * LOW HITPOINT WARNING * * *
The two-headed ogre hits you with a +0 giant club!
You die...

#######.##...(.
##...##.........
#...............
###..##.........
#............. #######
##............
##.....###.............
.#.......##.............
......O@.###............
...........#............
#...................###.
.................... ...
.......##........... .#.
.................... .#
.....#......#......# ...
##...#.##........... ...
..... #.....###.## ##


You could see a two-headed ogre.

Vanquished Creatures
  Maurice (D:7)
  Jeremiah (D:7)
  A water moccasin (D:6)
  An ice beast (D:7)
  An ogre (D:5)
  2 centaurs (D:6)
  A phantom (D:2)
  A kobold brigand (D:7)
  A bullfrog (D:5)
  A gnoll sergeant (D:5)
  3 scorpions
  A howler monkey (D:6)
  4 bombardier beetles
  3 orc priests (D:6)
  6 hounds
  3 jellies
  An iguana (D:6)
  5 orc wizards
  Natasha (thrice) (D:4)
  10 adders
  6 gnolls
  2 shadow imps (D:6)
  2 ribbon worms
  17 orcs
  4 ball pythons
  11 endoplasms
  2 giant cockroaches (D:2)
  10 goblins
  10 hobgoblins
  3 jackals (D:5)
  16 kobolds
  3 quokkas
  3 bats
  6 frilled lizards
  7 rats
152 creatures vanquished.

Notes
Turn   | Place    | Note
-------+----------+-------------------------------------------
     0 | D:1      | Fractals the Hill Orc Berserker began the quest for the
                  | Orb.
     0 | D:1      | Reached XP level 1. HP: 19/19 MP: 1/1
   131 | D:1      | Reached XP level 2. HP: 27/27 MP: 2/2
   136 | D:1      | Reached skill level 4 in Fighting
   543 | D:1      | Reached XP level 3. HP: 12/34 MP: 3/3
   930 | D:2      | Noticed a phantom
   943 | D:2      | Killed a phantom
   944 | D:2      | Reached skill level 5 in Fighting
   944 | D:2      | Reached XP level 4. HP: 42/42 MP: 4/4
  1020 | D:2      | Reached XP level 5. HP: 48/48 MP: 5/5
  1304 | D:2      | Reached ** piety under Trog
  1419 | D:2      | Found a sacrificial altar of Ru.
  2242 | D:3      | Reached skill level 6 in Fighting
  2326 | D:3      | Found an iron altar of Okawaru.
  2582 | D:3      | Identified the +0 helmet of Words of Power {^Drain rPois
                  | rF- rCorr}
  2626 | D:3      | Reached XP level 6. HP: 57/57 MP: 6/6
  2725 | D:4      | Reached skill level 5 in Armour
  3368 | D:4      | Reached *** piety under Trog
  3415 | D:4      | Noticed Natasha
  3419 | D:4      | Killed Natasha
  3488 | D:4      | Noticed Natasha
  3512 | D:4      | Killed Natasha
  3874 | D:4      | Noticed Natasha
  3888 | D:4      | Killed Natasha
  4018 | D:5      | Entered Level 5 of the Dungeon
  4223 | D:5      | Reached skill level 7 in Fighting
  4223 | D:5      | Reached skill level 5 in Axes
  4323 | D:5      | Found a snail-covered altar of Cheibriados.
  4330 | D:5      | Reached XP level 7. HP: 60/66 MP: 7/7
  4339 | D:5      | Found a burning altar of Makhleb.
  4747 | D:5      | Found a sacrificial altar of Ru.
  4832 | D:5      | Reached skill level 8 in Fighting
  4996 | D:5      | Reached skill level 9 in Fighting
  5000 | D:5      | Reached XP level 8. HP: 70/78 MP: 8/8
  5045 | D:5      | Identified the ring of Gemeoss {rC- rN+ Will+ MP+9 Str+3}
  5800 | D:6      | Identified the +7 mace of Fedhas's Supremacy {flame,
                  | ^Contam rElec rN+ Dex+2}
  5821 | D:6      | Reached skill level 1 in Evocations
  5835 | D:6      | Reached skill level 10 in Fighting
  6189 | D:6      | Reached **** piety under Trog
  6985 | D:7      | Reached XP level 9. HP: 79/86 MP: 9/9
  6987 | D:7      | Noticed Maurice
  6988 | D:7      | Found a broken altar of Ashenzari.
  7000 | D:7      | Noticed Jeremiah
  7000 | D:7      | Maurice stole 291 gold
  7006 | D:7      | Maurice stole a ring of positive energy
  7007 | D:7      | Killed Maurice
  7008 | D:7      | Reached skill level 11 in Fighting
  7130 | D:7      | Killed Jeremiah
  7131 | D:7      | Reached skill level 5 in Evocations
  7414 | D:7      | Reached skill level 12 in Fighting
  7484 | D:7      | Found a staircase to the Ecumenical Temple.
  7552 | D:7      | Noticed a two-headed ogre
  7564 | D:7      | Slain by a two-headed ogre

Illustrated notes

Levels and vault maps discovered:
D:1:      minmay_arrival_radiant_lines, layout_basic
D:2:      layout_loops_ring, basic_altar
D:3:      minmay_door_path, layout_basic, okawaru_altar_gauntlet_db
D:4:      layout_loops_corners, minivault_11, grunt_ministairs_11,
          serial_bayou_pond_a, amcnicky_mini_rare_corridor_liquid,
          minmay_misc_feat_pillars, roderic_serpentine_path, dk_vineyard_2,
          kennysheep_potato, uniq_natasha
D:5:      layout_loops_ring, jmf_multi_god_temple2, kennysheep_little_box,
          minmay_puff
D:6:      layout_gridville, grunt_tough_drop
D:7:      layout_cave_pools, minmay_overflow_temple_hex,
          nicolae_ashenzari_panopticon, minmay_temple_entry_arrows,
          uniq_jeremiah, uniq_crazy_yiuf_cottage, uniq_maurice

Skill      XL: |  1  2  3  4  5  6  7  8  9 |
---------------+----------------------------+-----
Fighting       | 4 5 6 7 9 10 12 | 12.2
Armour         | 3 4 5 |  5.0
Axes           | 5 6 |  6.0
Dodging        | 3 |  3.0
Evocations     | 3 5 |  5.0

Action                     |  1- 3 |  4- 6 |  7- 9 || total
---------------------------+-------+-------+-------++-------
  Melee: Hand axe          |    90 |   199 |   205 ||   494
         Punch             |       |     3 |     6 ||     9
         War axe           |       |       |   124 ||   124
 Invoke: Berserk           |     2 |       |     3 ||     5
  Evoke: Wand              |       |       |     2 ||     2
    Use: Scroll            |       |     6 |     6 ||    12
 Armour: Leather armour    |    14 |       |       ||    14
         Animal skin       |     3 |       |       ||     3
         Ring mail         |    30 |    37 |       ||    67
         Scale mail        |       |   102 |   233 ||   335
  Dodge: Dodged            |    54 |    79 |   145 ||   278
  Block: Other             |       |    15 |    61 ||    76
         Reflection        |       |     1 |     2 ||     3
